 Dungeon Crawl Stone Soup version 0.22-a0-247-gbddf880 (console) character file.

728 Evablue the Skirmisher (level 7, -3/76 HPs)
             Began as an Ogre Berserker on Feb 25, 2018.
             Was a Believer of Trog.
             Slain by Grinder (10 damage)
             ... on level 3 of the Dungeon.
             The game lasted 00:06:14 (3117 turns).

Evablue the Skirmisher (Ogre Berserker)             Turns: 3117, Time: 00:06:14

Health: -3/76      AC:  3    Str: 22    XL:     7   Next: 72%
Magic:  16/16      EV: 11    Int:  8    God:    Trog [**....]
Gold:   100        SH:  0    Dex: 10    Spells: 6/6 levels left

rFire    . . .     SeeInvis .   f - -2 flail (curse)
rCold    . . .     Gourm    .   (no shield)
rNeg     . . .     Faith    .   b - +0 animal skin
rPois    .         Spirit   .   (helmet restricted)
rElec    .         Reflect  .   (no cloak)
rCorr    .         Harm     .   (gloves unavailable)
MR       +....                  (boots unavailable)
Stlth    +.........             (no amulet)
HPRegen  0.22/turn              m - ring of protection from magic
MPRegen  0.15/turn              s - ring of magical power

@: berserk cooldown, slowed, very slow
A: large, unfitting armour, tough skin 1
a: Berserk, Trog's Hand, Renounce Religion


You were on level 3 of the Dungeon.
You worshipped Trog.
Trog was pleased with you.
You were near starving.

You visited 1 branch of the dungeon, and saw 4 of its levels.

You collected 100 gold pieces.

Inventory:

Hand Weapons
 a - a +0 mace
 f - a cursed -2 flail (weapon)
 q - a +0 giant club
Armour
 b - a +0 animal skin (worn)
Jewellery
 m - a ring of protection from magic (left hand)
 s - a ring of magical power (right hand)
Scrolls
 d - 7 scrolls of identify
 g - a scroll of amnesia
 h - a scroll of fear {unknown}
 i - a scroll of magic mapping {unknown}
 o - a scroll of enchant armour {unknown}
 r - a scroll of blinking {unknown}
Potions
 e - 2 potions of agility {unknown}
 j - a potion of brilliance {unknown}
 k - 2 potions of heal wounds {unknown}
 l - a potion of curing {unknown}
 n - a potion of berserk rage {unknown}
 p - a potion of might
Comestibles
 c - 7 rations


   Skills:
 + Level 6.9 Fighting
 + Level 6.0 Maces & Flails
 + Level 4.5 Dodging


You had 6 spell levels left.
You didn't know any spells.

Dungeon Overview and Level Annotations

Branches:
Dungeon (4/15)
 Temple: D:4-7

Altars:
Nemelex Xobeh
Xom
Yredelemnul

Shops:
D:4 !

Annotations:
D:3 Grinder


Innate Abilities, Weirdness & Mutations

You are too large for most types of armour.
You have tough skin. (AC +1)


Message History

Grinder hits you!
* * * LOW HITPOINT WARNING * * *
You writhe in agony.
* * * LOW HITPOINT WARNING * * *
Grinder closely misses you.
You sock Grinder!
Grinder is severely wounded.
Grinder hits you but does no damage. x2
You sock Grinder!
Grinder is almost dead.
Grinder blinks!
Grinder says, "Don't move a muscle."
Grinder gestures at you. Pain shoots through your body!
* * * LOW HITPOINT WARNING * * *
You see here a tomahawk.
You hit Grinder but do no damage.
Grinder is almost dead.
Grinder hits you!
You die...

#.# #.# ....... #.#####)#
.#############
######.....#[#..######.......
#........###.#..#.. .........
#........###.#..#.####.#####.
#......(.....#..#.#..........
#........5...#..#.#.#...####.
#..####.####5...#............
#..##.....##@...#.###.#######
##.#.......#.#...<...........
#.#.......#.##.#.##.########
#....._........#...........
#.#.......#.###############
#.#.......#.# #.##.....##..
#.####.####...
#..............


You could see Grinder.

Vanquished Creatures
  The ghost of Angani the Fortune-Teller, an amateur DrAE of Nemelex Xobeh (D:3)
  A hippogriff (D:4)
  An ogre (D:3)
  A scorpion (D:4)
  An orc wizard (D:4)
  A hound skeleton (D:4)
  Robin (D:4)
  7 adders
  2 adder skeletons (D:4)
  3 leopard geckos
  15 orcs
  7 bats
  5 giant cockroaches
  11 goblins
  10 hobgoblins
  A quokka (D:2)
  A frilled lizard (D:1)
  4 kobolds
  A leopard gecko skeleton (D:4)
  5 rats
  A spectral orc (D:2)
80 creatures vanquished.

Notes
Turn   | Place    | Note
-------+----------+-------------------------------------------
     0 | D:1      | Evablue the Ogre Berserker began the quest for the Orb.
     0 | D:1      | Reached XP level 1. HP: 24/24 MP: 1/1
    63 | D:1      | Reached XP level 2. HP: 20/32 MP: 2/2
   383 | D:1      | Reached ** piety under Trog
   383 | D:1      | Reached XP level 3. HP: 36/40 MP: 3/3
   904 | D:2      | Found a basalt altar of Yredelemnul.
  1109 | D:2      | Reached XP level 4. HP: 13/49 MP: 4/4
  1175 | D:2      | You fall through a shaft for 2 floors!
  1449 | D:4      | Found Juthroc's Distillery.
  1506 | D:4      | Reached skill level 5 in Fighting
  1555 | D:4      | Reached XP level 5. HP: 13/57 MP: 5/5
  2087 | D:4      | Noticed a hippogriff
  2094 | D:4      | Killed a hippogriff
  2094 | D:4      | Reached skill level 5 in Maces & Flails
  2094 | D:4      | Reached XP level 6. HP: 46/67 MP: 6/6
  2176 | D:4      | Noticed Robin
  2194 | D:4      | Killed Robin
  2489 | D:4      | Found a sparkling altar of Nemelex Xobeh.
  2569 | D:3      | Noticed Angani's ghost (amateur DrAE)
  2578 | D:3      | Killed Angani's ghost
  2578 | D:3      | Reached XP level 7. HP: 71/76 MP: 7/7
  2697 | D:3      | Found a shimmering altar of Xom.
  3048 | D:3      | Noticed Grinder
  3117 | D:3      | Slain by Grinder

Vault maps used:
D:1:      nzn_arrival_settlement
D:2:      yredelemnul_forgotten_temple_becter, first_ration
D:3:      old_standard_altar, uniq_grinder
D:4:      nemelex_altar_shiori, serial_shops, nicolae_shop_stone, shop_statue,
          shop, uniq_robin

Skill      XL: |  1  2  3  4  5  6  7 |
---------------+----------------------+-----
Maces & Flails | 3 4 5 6 |  6.0
Dodging        | 3 4 |  4.5
Fighting       | 5 6 |  6.9

Action                   |  1- 3 |  4- 6 |  7- 9 || total
-------------------------+-------+-------+-------++-------
Melee: Mace              |   107 |   144 |       ||   251
       Flail             |       |     6 |    60 ||    66
Invok: Berserk           |     2 |     5 |     2 ||     9
       Trog's Hand       |     1 |       |       ||     1
  Use: Scroll            |       |       |     4 ||     4
  Eat: Chunk             |     1 |    10 |     4 ||    15
Armor: Animal skin       |    33 |    24 |    11 ||    68
Dodge: Dodged            |    53 |    79 |    32 ||   164

Table legend:
 A = Spawn XP
 B = Non-spawn XP
 C = Spawn XP percentage of total XP
 D = Spawn monster count
 E = Non-spawn monster count
 F = Spawn count percentage of total count
 G = Total turns spent on level
                    A         B        C        D         E        F      G
               +---------+---------+-------+---------+---------+-------+---------
         Total |       0 |    1041 |   0.0 |       0 |      80 |   0.0 |  3117
               +---------+---------+-------+---------+---------+-------+---------
           D:1 |       0 |      45 |   0.0 |       0 |      26 |   0.0 |   673
           D:2 |       0 |      40 |   0.0 |       0 |      11 |   0.0 |   502
           D:3 |       0 |     483 |   0.0 |       0 |      15 |   0.0 |   592
           D:4 |       0 |     473 |   0.0 |       0 |      28 |   0.0 |  1350
               +---------+---------+-------+---------+---------+-------+---------
